 Dungeon Crawl Stone Soup version 0.18.1-48-g4cf74bf (webtiles) character file.

57 sdOOK the Caller (level 3, -4/19 HPs)
             Began as a Deep Elf Summoner on Aug 29, 2016.
             Hit by a stone thrown by a gnoll (6 damage)
             ... on level 2 of the Dungeon.
             The game lasted 00:12:34 (1642 turns).

sdOOK the Caller (Deep Elf Summoner)                Turns: 1642, Time: 00:12:34

Health: -4/19      AC:  3    Str:  5    XL:     3   Next: 73%
Magic:  3/10       EV: 13    Int: 20    God:
Gold:   127        SH:  0    Dex: 15    Spells: 2 memorised, 6 levels left

rFire  . . .     SeeInvis .     o - +0 mace (crush)
rCold  . . .     Gourm    .     a - +1 robe
rNeg   . . .     Faith    .     (no shield)
rPois  .         Spirit   .     (no helmet)
rElec  .         Dismiss  .     (no cloak)
rCorr  .         Reflect  .     (no gloves)
SustAt .         Harm     .     (no boots)
MR     .....                    (no amulet)
Stlth  ++........               (no ring)
                                (no ring)

@: not resistant to hostile enchantments, unstealthy
A: talons 1, regeneration 1
a: no special abilities


You were on level 2 of the Dungeon.
You were not hungry.

You visited 1 branch of the dungeon, and saw 2 of its levels.

You collected 127 gold pieces.

Inventory:

Hand Weapons
 h - a +0 dagger
 o - a +0 mace of crushing (weapon)
Armour
 a - a +1 robe (worn)
 e - a +0 pair of boots
Scrolls
 d - a scroll of remove curse
Potions
 f - a potion of cancellation {unknown}
 l - a potion of curing
 n - 2 potions of heal wounds {unknown}
Books
 b - a book of Callings

   Spells                             Type                      Level
   a - Summon Small Mammal            Summoning                    1
   b - Call Imp                       Summoning                    2
   c - Call Canine Familiar           Summoning                    3
   d - Summon Guardian Golem          Hexes/Summoning              3
   e - Summon Lightning Spire         Summoning/Air                4
   f - Summon Ice Beast               Ice/Summoning                4
Comestibles
 c - 2 bread rations
 m - a slice of pizza


   Skills:
 + Level 0.1 Maces & Flails
 + Level 2.6 Dodging
 + Level 2.6 Stealth
 + Level 3.7 Spellcasting
 + Level 5.4 Summonings


You had 6 spell levels left.
You knew the following spells:

 Your Spells              Type           Power        Failure   Level  Hunger
a - Summon Small Mammal   Summ           ####         1%          1    None
b - Call Imp              Summ           ####....     2%          2    ##.....


Dungeon Overview and Level Annotations

Branches:
Dungeon (2/15)

Altars:


Innate Abilities, Weirdness & Mutations

You have sharp toenails.
Your natural rate of healing is unusually fast.


Message History

You swap places.
The gnoll hits you.
Items here: ! ( ) [ a spear; a glowing leather armour; a murky black potion; 2 stones The gnoll hits you.
Your crimson imp hits the gnoll but does no damage.
You see here 2 stones.
The gnoll hits you.
Your crimson imp hits the gnoll but does no damage.
Things that are here:
a flail; a ruby potion; 17 gold pieces
f - a ruby potion You now have 127 gold pieces (gained 17).
Your quokka bites the gnoll but does no damage. x2
The gnoll hits you.
* * * LOW HITPOINT WARNING * * *
Your quokka bites the gnoll but does no damage.
Your crimson imp closely misses the gnoll.
Your quokka closely misses the gnoll.
The gnoll throws a stone.
The stone barely misses your quokka. The stone hits you.
You die...

.. ..#. ##...#### .###
#.......# #### ... .
#b###..)## ... #.
#.##.....## ..##
#.###b#g5.>...#. ....
##....rrr).......
..#.####.......5@(.......
.##.(........(#..........
.###.....####....#...#...
...).........(...##### #.
..)..#######...### .###<#
#.#.# .# #.# ##(#.# .#
#.# #....# .#
#)######..###


You could see a gnoll, a friendly crimson imp, a friendly white imp, 3 friendly
quokkas and a friendly bat.

Vanquished Creatures
  A bat (D:2)
  A rat (D:1)
2 creatures vanquished.

Vanquished Creatures (collateral kills)
  3 gnolls (D:2)
  4 adders (D:2)
  A dart slug (D:1)
  A giant gecko (D:1)
  4 giant cockroaches
  7 goblins
  2 hobgoblins (D:1)
  4 bats
  A giant newt (D:1)
  5 kobolds
  A rat (D:1)
33 creatures vanquished.

Grand Total: 35 creatures vanquished

Notes
Turn   | Place    | Note
--------------------------------------------------------------
     0 | D:1      | sdOOK the Deep Elf Summoner began the quest for the Orb.
     0 | D:1      | Reached XP level 1. HP: 10/10 MP: 6/6
   463 | D:1      | Reached XP level 2. HP: 15/15 MP: 4/8
   970 | D:1      | Gained mutation: You have sharp toenails. [potion of mutation]
   970 | D:1      | Gained mutation: Your natural rate of healing is unusually fast. [potion of mutation]
  1234 | D:2      | Learned a level 2 spell: Call Imp
  1241 | D:2      | Reached skill level 5 in Summonings
  1319 | D:2      | Reached XP level 3. HP: 7/19 MP: 5/10
  1642 | D:2      | Hit by a stone thrown by a gnoll

Skill      XL: |  1  2 |
---------------+-------+-----
Summonings     | 5 |  5.4
Maces & Flails | |  0.1
Dodging        | |  2.6
Stealth        | |  2.6
Spellcasting   | |  3.7

Action                   || total
-------------------------++-------
Melee: Dagger            ||    20
       Mace              ||    12
       Kick              ||     1
 Cast: Summon Small Mamm ||    51
       Call Imp          ||     9
  Use: Scroll            ||     5
       Potion            ||     2
 Stab: Sleeping          ||     1
  Eat: Chunk             ||     2
Armor: Robe              ||    24
Dodge: Dodged            ||    46
